 Dungeon Crawl Stone Soup version 0.26-a0-708-g17f3b190f9 (webtiles) character file.

Game seed: 7201721672102056956

527 Gargoyl the Skirmisher (level 7, -3/60 HPs)
             Began as a Gnoll Abyssal Knight on Oct 28, 2020.
             Was a Priest of Lugonu.
             Slain by a worker ant (7 damage)
             ... on level 4 of the Dungeon.
             The game lasted 00:04:40 (3785 turns).

Gargoyl the Skirmisher (Gnoll Abyssal Knight)       Turns: 3785, Time: 00:04:40

Health: -3/60      AC:  0    Str: 15    XL:     7   Next: 23%
Magic:  10/10      EV: 15    Int:  9    God:    Lugonu [***...]
Gold:   274        SH:  0    Dex: 23    Spells: 10/10 levels left

rFire    . . .     SeeInvis .   c - +3 morningstar of the Boiling Point {venom, +Rage +Inv Int-5 Dex+7}
rCold    . . .     Faith    .   (no shield)
rNeg     . . .     Spirit   .   (no armour)
rPois    .         Reflect  .   (no helmet)
rElec    .         Harm     .   (no cloak)
rCorr    .         Rampage  .   (no gloves)
MR       .....                  (no boots)
Stlth    +++.......             (no amulet)
HPRegen  0.20/turn              (no ring)
MPRegen  0.12/turn              (no ring)

@: lethally poisoned (-3 -> -8)
A: distributed training, fangs 1, strong nose
a: Depart the Abyss, Bend Space, Banish, Renounce Religion, Evoke Berserk Rage,
Evoke Invisibility


You were on level 4 of the Dungeon.
You worshipped Lugonu.
Lugonu was most pleased with you.
You visited 1 branch of the dungeon, and saw 4 of its levels.
You visited the Abyss 1 time.

You collected 274 gold pieces.

Inventory:

Hand Weapons
 a - a +2 hand axe
 c - the +3 morningstar of the Boiling Point (weapon) {venom, +Rage +Inv Int-5 Dex+7}
   (You found it on level 2 of the Abyss)

   It poisons the flesh of those it strikes.
   It affects your intelligence (-5).
   It affects your dexterity (+7).
   It lets you turn invisible.
   It lets you go berserk.
Missiles
 e - 35 poisoned darts (quivered)
Armour
 i - a +1 chain mail
 r - a +0 plate armour
Wands
 m - a wand of paralysis (15)
Scrolls
 b - 2 scrolls of fog
 f - a scroll of identify
 g - 2 scrolls of teleportation
 h - 2 scrolls of magic mapping
 n - 2 scrolls of remove curse
 p - a scroll of enchant armour
Potions
 d - a potion of might
 j - a potion of stabbing
 k - a potion of flight
 l - a potion of curing
 o - 2 potions of brilliance
 q - a potion of heal wounds {unknown}


   Skills:
 + Level 7.0 Fighting
 + Level 2.3 Short Blades
 + Level 2.3 Long Blades
 + Level 5.2 Axes
 + Level 2.3 Maces & Flails
 + Level 2.3 Polearms
 + Level 2.3 Staves
 + Level 2.3 Slings
 + Level 2.3 Bows
 + Level 2.3 Crossbows
 + Level 2.3 Throwing
 + Level 5.2 Armour
 + Level 3.5 Dodging
 + Level 2.3 Stealth
 + Level 2.3 Shields
 + Level 2.3 Unarmed Combat
 + Level 2.3 Spellcasting
 + Level 1.9 Conjurations
 + Level 1.9 Hexes
 + Level 1.9 Summonings
 + Level 1.9 Necromancy
 + Level 1.9 Translocations
 + Level 1.9 Transmutations
 + Level 1.9 Fire Magic
 + Level 1.9 Ice Magic
 + Level 1.9 Air Magic
 + Level 1.9 Earth Magic
 + Level 1.9 Poison Magic
 + Level 5.3 Invocations
 + Level 2.3 Evocations


You had 10 spell levels left.
You didn't know any spells.
Your spell library was empty.

Dungeon Overview and Level Annotations

Branches:
Dungeon (4/15)
 Temple: D:4-7

Altars:
Trog


Innate Abilities, Weirdness & Mutations

Your experience applies equally to all skills.
You have very sharp teeth.
Your uncanny sense of smell can sniff out nearby items.


Message History

You start removing your armour.
You continue taking off your +1 chain mail. x4
The worker ant bites you but does no damage.
You finish taking off your +1 chain mail.
Unknown command.
You closely miss the worker ant. The worker ant bites you.
You hit the worker ant.
The worker ant is lightly wounded.
The worker ant bites you.
* * * LOW HITPOINT WARNING * * *
The worker ant bites you.
* * * LOW HITPOINT WARNING * * *
You are poisoned.
The worker ant poisons you!
You sock the worker ant!
The worker ant is poisoned.
The worker ant is heavily wounded.
You feel sick. The worker ant bites you!
* * * LOW HITPOINT WARNING * * *
The worker ant bites you!
You die...

#. #.......
#.#+#......
#....!....#
..........#
###........#
.'........#
######........#
#.........B@..#
#...#..)......###
................#
#.####.†........#
#.............# ∆
∆#.###'#########
# #......########
#.....#.#.#.#.##
+.)..#.#.#.#.#.#


You could see a worker ant (very poisoned).

Vanquished Creatures
  Sigmund (D:3)
  A phantom (D:4)
  An ogre (D:4)
  An orc priest (D:3)
  A hound (D:4)
  A centaur skeleton (D:4)
  2 adders (D:2)
  4 worms (D:2)
  2 dart slugs
  3 leopard geckos
  4 orcs (D:3)
  9 bats
  2 giant cockroaches
  5 goblins
  12 hobgoblins
  2 jackals (D:1)
  13 kobolds
  2 quokkas
  A ball python (D:2)
  4 frilled lizards
  13 rats
84 creatures vanquished.

Notes
Turn   | Place    | Note
-------+----------+-------------------------------------------
     0 | Abyss:1  | Gargoyl the Gnoll Abyssal Knight began the quest for the
                  | Orb.
     0 | Abyss:1  | Reached XP level 1. HP: 23/23 MP: 3/3
    46 | Abyss:2  | Noticed a smoke demon
    59 | Abyss:2  | Got a translucent morningstar
    66 | Abyss:2  | Identified the cursed +3 morningstar of the Boiling Point
                  | {venom, +Rage +Inv Int-5 Dex+7} (You found it on level 2 of
                  | the Abyss)
    73 | D:1      | Escaped the Abyss
   451 | D:1      | You fall into a shaft and drop 1 floor!
   455 | D:2      | Reached XP level 2. HP: 29/29 MP: 5/5
   582 | D:1      | Reached * piety under Lugonu
   937 | D:1      | Reached XP level 3. HP: 35/35 MP: 6/6
  1876 | D:2      | Noticed a moth of wrath
  1879 | D:2      | Found a bloodstained altar of Trog.
  1915 | D:2      | Reached skill level 1 in Short Blades
  1915 | D:2      | Reached skill level 1 in Long Blades
  1915 | D:2      | Reached skill level 1 in Maces & Flails
  1915 | D:2      | Reached skill level 1 in Polearms
  1915 | D:2      | Reached skill level 1 in Staves
  1915 | D:2      | Reached skill level 1 in Slings
  1915 | D:2      | Reached skill level 1 in Bows
  1915 | D:2      | Reached skill level 1 in Crossbows
  1915 | D:2      | Reached skill level 1 in Throwing
  1915 | D:2      | Reached skill level 1 in Stealth
  1915 | D:2      | Reached skill level 1 in Shields
  1915 | D:2      | Reached skill level 1 in Unarmed Combat
  1915 | D:2      | Reached skill level 1 in Spellcasting
  1915 | D:2      | Reached skill level 1 in Evocations
  2150 | D:2      | Reached XP level 4. HP: 41/41 MP: 7/7
  2477 | D:2      | Reached ** piety under Lugonu
  2737 | D:3      | Reached skill level 1 in Conjurations
  2737 | D:3      | Reached skill level 1 in Hexes
  2737 | D:3      | Reached skill level 1 in Summonings
  2737 | D:3      | Reached skill level 1 in Necromancy
  2737 | D:3      | Reached skill level 1 in Translocations
  2737 | D:3      | Reached skill level 1 in Transmutations
  2737 | D:3      | Reached skill level 1 in Fire Magic
  2737 | D:3      | Reached skill level 1 in Ice Magic
  2737 | D:3      | Reached skill level 1 in Air Magic
  2737 | D:3      | Reached skill level 1 in Earth Magic
  2737 | D:3      | Reached skill level 1 in Poison Magic
  2766 | D:3      | Reached XP level 5. HP: 31/47 MP: 8/8
  3064 | D:3      | Noticed Sigmund
  3073 | D:3      | Killed Sigmund
  3073 | D:3      | Reached skill level 5 in Axes
  3073 | D:3      | Reached skill level 5 in Armour
  3073 | D:3      | Reached skill level 5 in Invocations
  3073 | D:3      | Reached XP level 6. HP: 41/53 MP: 9/9
  3583 | D:4      | Noticed a phantom
  3629 | D:4      | Killed a phantom
  3758 | D:4      | Reached skill level 7 in Fighting
  3758 | D:4      | Reached XP level 7. HP: 24/60 MP: 10/10
  3774 | D:4      | Reached *** piety under Lugonu
  3785 | D:4      | Slain by a worker ant

Illustrated notes

Levels and vault maps discovered:
D:1:      dpeg_arrival_three_same_balls, layout_loops_ring, serial_rivers,
          chequers_serial_rivers_micro_b, chequers_serial_rivers_micro_b,
          chequers_serial_rivers_small_b, chequers_serial_rivers_room_b,
          chequers_serial_rivers_marsh, chequers_serial_rivers_room_b,
          st_stairs_2
D:2:      layout_loops_corners, tgw_trog
D:3:      layout_loops_cross, uniq_sigmund
D:4:      layout_basic, kennysheep_little_box,
          eino_small_chamber_without_monster, grunt_gozag_statues

Skill      XL: |  1  2  3  4  5  6 |
---------------+-------------------+-----
Short Blades   | 1 2 |  2.3
Long Blades    | 1 2 |  2.3
Maces & Flails | 1 2 |  2.3
Polearms       | 1 2 |  2.3
Staves         | 1 2 |  2.3
Slings         | 1 2 |  2.3
Bows           | 1 2 |  2.3
Crossbows      | 1 2 |  2.3
Throwing       | 1 2 |  2.3
Stealth        | 1 2 |  2.3
Shields        | 1 2 |  2.3
Unarmed Combat | 1 2 |  2.3
Spellcasting   | 1 2 |  2.3
Evocations     | 1 2 |  2.3
Conjurations   | 1 |  1.9
Hexes          | 1 |  1.9
Summonings     | 1 |  1.9
Necromancy     | 1 |  1.9
Translocations | 1 |  1.9
Transmutations | 1 |  1.9
Fire Magic     | 1 |  1.9
Ice Magic      | 1 |  1.9
Air Magic      | 1 |  1.9
Earth Magic    | 1 |  1.9
Poison Magic   | 1 |  1.9
Axes           | 5 |  5.2
Armour         | 5 |  5.2
Dodging        | 3 |  3.5
Invocations    | 5 |  5.3
Fighting       | 7 |  7.0

Action                   |  1- 3 |  4- 6 |  7- 9 || total
-------------------------+-------+-------+-------++-------
Melee: Morningstar       |    93 |   116 |     7 ||   216
       Bite              |    15 |    20 |       ||    35
       Punch             |     1 |       |       ||     1
Invok: Depart the Abyss  |     1 |       |       ||     1
  Use: Scroll            |     7 |     7 |       ||    14
       Potion            |     1 |       |       ||     1
 Stab: Sleeping          |     1 |       |       ||     1
Armor: Leather armour    |     7 |       |       ||     7
       Chain mail        |    52 |    91 |     3 ||   146
Dodge: Dodged            |    57 |    52 |     2 ||   111

Table legend: (Time is in decaauts)
 A = Elapsed time spent in this place.
 B = Non-inter-level travel time spent in this place.
 C = Inter-level travel time spent in this place.
 D = Time resting spent in this place.
 E = Time spent auto-exploring this place.
 F = Levels seen in this place.
 G = Mean time per level.
                   A        B        C        D        E       F      G
               +--------+--------+--------+--------+--------+-----+--------+
         Total |   3888 |   3794 |     94 |    586 |   2365 |   6 |  648.0 |
       Dungeon |   3815 |   3721 |     94 |    586 |   2329 |   4 |  953.8 |
         Abyss |     72 |     72 |      0 |      0 |     36 |   2 |   36.0 |
               +--------+--------+--------+--------+--------+-----+--------+

Top non-repeatable levels by time:
     D:1: 1474 daAuts
     D:2: 1252 daAuts
     D:3: 839 daAuts
     D:4: 248 daAuts
 Abyss:2: 36 daAuts
 Abyss:1: 36 daAuts
